 Dungeon Crawl Stone Soup version 0.32-a0-19-g28bc0835a1 (console) character file.

Game seed: 8277631087040961682

34428 Ignak the Thaumaturge (level 13, -5/100 HPs)
             Began as a Gnoll Air Elementalist on Jan 17, 2024.
             Was an Elder of Sif Muna.
             Succumbed to Amaemon's poison
             ... on level 1 of the Lair of Beasts.
             The game lasted 00:58:18 (19474 turns).

Ignak the Thaumaturge (Gnoll Air Elementalist)     Turns: 19474, Time: 00:58:19

Health: -5/100     AC: 13    Str:  8    XL:     13   Next: 77%
Magic:  14/27      EV: 17    Int: 19    God:    Sif Muna [****..]
Gold:   942        SH:  0    Dex: 15    Spells: 4/32 levels left

rFire   . . .        L - +9 dire flail {elec, rPois Dex+2 Stlth-}
rCold   . . .        (shield currently unavailable)
rNeg    . . .        I - +0 steam dragon scales
rPois   +            N - +0 helmet
rElec   .            k - +2 cloak {Stlth+}
rCorr   .            f - +0 pair of gloves
SInv    .            (no boots)
Will    +....        (no amulet)
Stlth   ++++         u - ring of flight
HPRegen 0.36/turn    j - ring of willpower
MPRegen 0.20/turn

%: no passive effects
@: lethally poisoned (-5 -> -67), on blink cooldown, flying, slowed, very slow
A: fangs 1, strong nose, distributed training
a: Renounce Religion, Channel Magic, Forget Spell, Divine Exegesis


You were on level 1 of the Lair of Beasts.
You worshipped Sif Muna.
Sif Muna was greatly pleased with you.
You visited 3 branches of the dungeon, and saw 14 of its levels.

You collected 1838 gold pieces.
You spent 896 gold pieces at shops.

Inventory:

Hand Weapons
 a - a +3 dagger of venom
 x - a +0 broad axe
 G - a +3 short sword
 J - the +8 quarterstaff "Toifocua" {pain, Will++ Str+3 Dex-3}
   (You found it on level 1 of the Lair of Beasts)

   Str+3:     It affects your strength (+3).
   Dex-3:     It affects your dexterity (-3).
   Will++:    It greatly increases your willpower.
 L - the +9 dire flail "Wiomai" (weapon) {elec, rPois Dex+2 Stlth-}
   (You took it off an ogre on level 8 of the Dungeon)

   Dex+2:     It affects your dexterity (+2).
   rPois:     It protects you from poison Stlth-: It makes you less stealthy.
Missiles
 y - 32 poisoned darts (quivered)
Armour
 f - a +0 pair of gloves (worn)
 k - a +2 cloak of stealth (worn)
 q - a +2 robe of willpower
 w - the +1 leather armour "Xuipi" {rElec}
   (You found it on level 4 of the Dungeon)

   rElec:     It insulates you from electricity.
 I - +0 steam dragon scales (worn)
 N - a +0 helmet (worn)
 O - the +2 leather armour of the Ten Eyes {rElec rF- rC++ rCorr Dex+3}
   (You found it on level 9 of the Dungeon)

   Dex+3:     It affects your dexterity (+3).
   rF-:       It makes you vulnerable to fire.
   rC++:      It greatly protects you from cold.
   rElec:     It insulates you from electricity.
   rCorr:     It protects you from acid and corrosion.
 S - a +0 troll leather armour
Magical Staves
 p - a staff of cold
Jewellery
 j - a ring of willpower (right hand)
 u - a ring of flight (left hand)
Wands
 n - a wand of acid (10)
 s - a wand of flame (41)
 P - a wand of digging (6)
Scrolls
 c - 3 scrolls of amnesia
 e - a scroll of silence
 g - 2 scrolls of enchant armour
 h - 2 scrolls of fog {unknown}
 r - 3 scrolls of teleportation
 t - 2 scrolls of poison
 v - a scroll of butterflies {unknown}
 A - 3 scrolls of vulnerability
 M - a scroll of blinking
 Q - 2 scrolls of brand weapon {unknown}
Potions
 d - 4 potions of enlightenment
 i - 3 potions of cancellation {unknown}
 l - 2 potions of resistance
 m - a potion of brilliance
 o - a potion of might {unknown}
 z - 2 potions of mutation {unknown}
 B - 3 potions of curing
 C - 2 potions of magic
 D - a potion of haste {unknown}
 E - a potion of attraction {unknown}
 H - 2 potions of lignification
 R - 2 potions of ambrosia {unknown}


   Skills:
 + Level 8.9 Fighting
 + Level 8.9 Short Blades
 + Level 8.9 Long Blades
 + Level 8.9 Axes
 + Level 8.9 Maces & Flails
 + Level 8.9 Polearms
 + Level 8.9 Staves
 + Level 8.9 Ranged Weapons
 + Level 8.9 Throwing
 + Level 8.9 Armour
 + Level 10.1 Dodging
 + Level 9.9 Stealth
 + Level 8.9 Shields
 + Level 8.9 Unarmed Combat
 + Level 10.2 Spellcasting
 + Level 7.8 Conjurations
 + Level 7.4 Hexes
 + Level 7.4 Summonings
 + Level 7.4 Necromancy
 + Level 7.4 Translocations
 + Level 7.4 Fire Magic
 + Level 7.4 Ice Magic
 + Level 9.3 Air Magic
 + Level 7.4 Earth Magic
 + Level 7.4 Alchemy
 + Level 9.7 Invocations
 + Level 8.9 Evocations
 + Level 8.1 Shapeshifting


You had 4 spell levels left.
You knew the following spells:

 Your Spells              Type           Power      Damage    Failure   Level
a - Shock                 Conj/Air       100%       1d9       1%          1
b - Blink                 Tloc           76%        N/A       1%          2
c - Airstrike             Air            22%        2d(4-20)  1%          4
d - Swiftness             Air            45%        N/A       1%          3
e - Summon Mana Viper     Hex/Summ       38%        N/A       10%         5
f - Plasma Beam           Fire/Air       20%        2x1d32    34%         6
g - Call Imp              Summ           76%        N/A       1%          2
z - Arcjolt               Conj/Air       21%        1d31      6%          5

Your spell library contained the following spells:

 Spells                   Type           Power      Damage    Failure   Level
 Magic Dart               Conj           100%       1d8       1%          1
 Scorch                   Fire           76%        2d8       1%          2
 Static Discharge         Conj/Air       84%        3-7/arc   1%          2
 Summon Ice Beast         Ice/Summ       38%        N/A       1%          3
 Vhi's Electric Charge    Tloc/Air       82%        N/A       2%          4
 Flame Wave               Conj/Fire      38%        2d10      3%          4
 Fireball                 Conj/Fire      19%        3d9       9%          5
 Summon Cactus Giant      Summ           19%        N/A       45%         6
 Monstrous Menagerie      Summ           19%        N/A       96%         7
 Ignition                 Fire           19%        3d7       100%        8
 Maxwell's Capacitive Co  Air            22%        ∞         100%        8


Dungeon Overview and Level Annotations

Branches:
Dungeon (10/15)            Temple (0/1) D:7            Lair (2/5) D:10
    Orc (2/2) D:9             Elf (0/3) Orc:2
  Swamp: Lair:2-3    Shoals: Lair:2-3     Snake: Lair:2-3    Spider: Lair:2-3

Altars:
Ashenzari
Cheibriados
Elyvilon
Hepliaklqana
Kikubaaqudgha
Makhleb
Okawaru
Ru
Sif Muna
Uskayaw
Vehumet
Wu Jian
Yredelemnul

Shops:
D:8 :   D:9 ?=[[   Orc:2 *:*(=

Annotations:
Lair:1 Amaemon


Innate Abilities, Weirdness & Mutations

You have very sharp teeth.
Your uncanny sense of smell can sniff out nearby items.
Your experience applies equally to all skills.


Message History

Casting: Plasma Beam (quite dangerous; 34% risk of failure)
Confirm with . or Enter, or press ? or * to list all spells.
Electricity surges outward!
Amaemon is struck by an electric surge!!
Amaemon is moderately wounded.
The komodo dragon is struck by an electric surge!!
The komodo dragon is severely wounded.
The scorpion is struck by an electric surge!
The scorpion is severely wounded.
You feel ready to blink again.
You feel extremely sick.
The komodo dragon bites you but does no damage.
Amaemon misses you. Amaemon claws you but does no damage.
Amaemon closely misses you.
Casting: Arcjolt (dangerous; 6% risk of failure)
Confirm with . or Enter, or press ? or * to list all spells.
Electricity surges outward!
Amaemon is struck by an electric surge.
Amaemon is moderately wounded.
The komodo dragon is struck by an electric surge!
You kill the komodo dragon!
Sif Muna accepts your kill.
The scorpion is struck by an electric surge!
You kill the scorpion!
The scorpion's corpse disappears in a puff of smoke!
You feel extremely sick.
Amaemon hits you with a -1 demon whip of venom!
* * * LOW HITPOINT WARNING * * *
You are lethally poisoned!
Amaemon barely misses you. Amaemon closely misses you.
Amaemon hits you with a -1 demon whip of venom!
* * * LOW HITPOINT WARNING * * *
You are more poisoned.
Amaemon claws you but does no damage. Amaemon barely misses you.
Press: ? - help, v - describe, . - travel
Here: Amaemon, wielding a -1 demon whip of venom (moderately wounded)
The floor.
Casting: Arcjolt (dangerous; 6% risk of failure)
Confirm with . or Enter, or press ? or * to list all spells.
You blink.
You die...

####...##........#
#####.....((....# #####
###.#..##...(.(...## ....#
#..>........(.().... ###.#####
##...................
#...#.#####...§...........P##..
###........'.§6........#####..#
#.########..†>.......'.....## ###
#..@........###.####
#...........# ### # ####
##+##..###### # ######P.##
#.##### ♣ .........#### #..###
♣#♣♣♣♣♣ .........'..###....## ♣♣
♣.♣...♣
..........#...#.##..#♣♣♣P♣♣♣..⌠..
.........####...#...♣♣.♣♣.♣♣♣...♣
..........# ##......♣♣.♣♣.♣P♣♣.♣♣


You could see Amaemon.

Vanquished Creatures
  Azrael (Orc:2)
  Erolcha (D:9)
  3 hydras
  4 ogre magi (Orc:2)
  A catoblepas (Lair:1)
  A centaur warrior (D:8)
  12 two-headed ogres
  A boulder beetle (D:8)
  The ghost of temujin the Skirmisher, a novice HuCj of Jiyva (D:8)
  A nameless horror (Orc:1)
  A deep elf pyromancer (D:10)
  2 cyclopes
  A gargoyle (D:9)
  A black mamba (Lair:1)
  2 kobold demonologists (D:9)
  2 cane toads (Lair:1)
  A komodo dragon (Lair:1)
  2 trolls
  Grinder (D:3)
  A hornet (D:9)
  Sigmund (D:6)
  3 wyverns
  A wraith (D:8)
  3 fire elementals
  16 yaks
  2 humans (D:7)
  3 wargs
  4 steam dragons
  6 vampire mosquitoes
  Menkaure (D:7)
  3 acid dragons
  6 orc warriors
  6 water moccasins
  A hell hound (Orc:2)
  2 swamp drakes
  2 sky beasts
  2 ice beasts
  A black bear (D:6)
  28 ogres
  2 centaurs (D:9)
  7 kobold brigands
  2 bullfrogs (D:7)
  A gnoll sergeant (D:8)
  5 scorpions
  18 wights
  A burial acolyte (D:5)
  4 killer bees
  2 howler monkeys
  A bombardier beetle (D:3)
  5 jellies
  Crazy Yiuf (D:2)
  8 orc priests
  A hound (D:7)
  3 gnoll boudas
  2 sleepcaps
  Ijyb (D:3)
  2 iguanas (D:5)
  11 orc wizards
  A hound zombie (D:5)
  6 adders
  19 gnolls
  2 shadow imps (D:5)
  A white imp (D:5)
  2 adder zombies (D:5)
  2 dart slugs
  4 ribbon worms
  45 orcs
  9 bats
  7 endoplasms
  5 giant cockroaches
  4 goblins
  6 hobgoblins
  8 jackals
  4 quokkas
  7 ball pythons
  3 frilled lizards
  2 gnoll zombies (D:5)
  21 kobolds
  2 kobold zombies (D:5)
  8 rats
  A butterfly (D:7)
377 creatures vanquished.

Vanquished Creatures (collateral kills)
  A two-headed ogre (Orc:2)
  A black mamba (D:10)
  3 fire elementals (Orc:2)
  2 wargs (Orc:2)
  A hell hound (Orc:2)
  2 orc warriors (Orc:1)
  2 ogres (Orc:2)
  A killer bee (D:8)
  A jelly (D:8)
  2 orc wizards
16 creatures vanquished.

Vanquished Creatures (others)
  A two-headed ogre (Orc:2)
  An orc (Orc:1)
2 creatures vanquished.

Grand Total: 395 creatures vanquished

Notes
Turn   | Place    | Note
-------+----------+-------------------------------------------
     0 | D:1      | Ignak the Gnoll Air Elementalist began the quest for the
                  | Orb.
     0 | D:1      | Reached XP level 1. HP: 13/13 MP: 6/6
   227 | D:1      | Reached XP level 2. HP: 19/19 MP: 1/7
   233 | D:1      | Learned a level 2 spell: Static Discharge
   296 | D:1      | Got Giosiv's Omnibus of Ignition
   826 | D:2      | Reached skill level 5 in Spellcasting
   826 | D:2      | Reached XP level 3. HP: 25/25 MP: 3/9
   831 | D:2      | Learned a level 3 spell: Swiftness
   916 | D:2      | Reached skill level 1 in Invocations
  1070 | D:2      | Reached skill level 1 in Fighting
  1070 | D:2      | Reached skill level 1 in Short Blades
  1070 | D:2      | Reached skill level 1 in Long Blades
  1070 | D:2      | Reached skill level 1 in Axes
  1070 | D:2      | Reached skill level 1 in Maces & Flails
  1070 | D:2      | Reached skill level 1 in Polearms
  1070 | D:2      | Reached skill level 1 in Staves
  1070 | D:2      | Reached skill level 1 in Ranged Weapons
  1070 | D:2      | Reached skill level 1 in Throwing
  1070 | D:2      | Reached skill level 1 in Armour
  1070 | D:2      | Reached skill level 1 in Shields
  1070 | D:2      | Reached skill level 1 in Unarmed Combat
  1070 | D:2      | Reached skill level 1 in Evocations
  1231 | D:2      | Found a runed translucent door.
  1232 | D:2      | Noticed Crazy Yiuf
  1322 | D:2      | Reached skill level 1 in Shapeshifting
  1322 | D:2      | Reached XP level 4. HP: 21/32 MP: 1/11
  1399 | D:2      | Learned a level 4 spell: Airstrike
  1740 | D:3      | Noticed Ijyb
  1747 | D:3      | Killed Ijyb
  1748 | D:3      | Reached skill level 1 in Hexes
  1748 | D:3      | Reached skill level 1 in Summonings
  1748 | D:3      | Reached skill level 1 in Necromancy
  1748 | D:3      | Reached skill level 1 in Translocations
  1748 | D:3      | Reached skill level 1 in Fire Magic
  1748 | D:3      | Reached skill level 1 in Ice Magic
  1748 | D:3      | Reached skill level 1 in Earth Magic
  1748 | D:3      | Reached skill level 1 in Alchemy
  1912 | D:2      | Killed Crazy Yiuf
  1913 | D:2      | Reached XP level 5. HP: 5/37 MP: 12/12
  2609 | D:3      | Noticed Grinder
  2617 | D:3      | Paralysed by Grinder for 4 turns
  2624 | D:3      | Killed Grinder
  2625 | D:3      | Reached skill level 5 in Dodging
  2625 | D:3      | Reached XP level 6. HP: 12/44 MP: 1/14
  2851 | D:3      | Found a broken altar of Ashenzari.
  2917 | D:3      | Reached XP level 7. HP: 51/51 MP: 15/15
  3002 | D:3      | Found a white marble altar of Elyvilon.
  3327 | D:4      | Found a radiant altar of Vehumet.
  3331 | D:4      | Reached skill level 5 in Stealth
  3408 | D:4      | Identified the +1 leather armour "Xuipi" {rElec}
  4394 | D:5      | Entered Level 5 of the Dungeon
  4438 | D:5      | Found a hazy altar of Hepliaklqana.
  4597 | D:5      | Reached XP level 8. HP: 58/58 MP: 16/16
  4700 | D:5      | Found a hide-covered altar of Uskayaw.
  4998 | D:5      | Found an ancient bone altar of Kikubaaqudgha.
  5062 | D:5      | Found a basalt altar of Yredelemnul.
  5569 | D:5      | Found a shimmering blue altar of Sif Muna.
  5574 | D:5      | Became a worshipper of Sif Muna the Loreminder
  5841 | D:6      | Noticed Sigmund
  5861 | D:6      | Reached XP level 9. HP: 65/65 MP: 15/18
  5911 | D:6      | Killed Sigmund
  6456 | D:7      | Found a staircase to the Ecumenical Temple.
  6643 | D:7      | Reached skill level 5 in Invocations
  6791 | D:7      | Reached * piety under Sif Muna
  6886 | D:7      | Noticed Menkaure
  6901 | D:7      | Killed Menkaure
  7204 | D:7      | Found an iron altar of Okawaru.
  7284 | D:7      | Reached skill level 5 in Fighting
  7284 | D:7      | Reached skill level 5 in Short Blades
  7284 | D:7      | Reached skill level 5 in Long Blades
  7284 | D:7      | Reached skill level 5 in Axes
  7284 | D:7      | Reached skill level 5 in Maces & Flails
  7284 | D:7      | Reached skill level 5 in Polearms
  7284 | D:7      | Reached skill level 5 in Staves
  7284 | D:7      | Reached skill level 5 in Ranged Weapons
  7284 | D:7      | Reached skill level 5 in Throwing
  7284 | D:7      | Reached skill level 5 in Armour
  7284 | D:7      | Reached skill level 5 in Shields
  7284 | D:7      | Reached skill level 5 in Unarmed Combat
  7284 | D:7      | Reached skill level 5 in Evocations
  7284 | D:7      | Reached XP level 10. HP: 32/73 MP: 5/20
  7546 | D:7      | Found a snail-covered altar of Cheibriados.
  8114 | D:8      | Reached skill level 5 in Conjurations
  8517 | D:7      | Reached ** piety under Sif Muna
  8547 | D:8      | Found a burning altar of Makhleb.
  8585 | D:7      | Reached skill level 5 in Shapeshifting
  9271 | D:7      | Learned a level 5 spell: Fireball
  9454 | D:8      | Found Jocidom's Book Boutique.
  9461 | D:8      | Bought a book of Minor Magic for 256 gold pieces
  9465 | D:8      | Found a sacrificial altar of Ru.
  9474 | D:8      | Learned a level 2 spell: Blink
  9477 | D:8      | Learned a level 2 spell: Call Imp
  9683 | D:8      | Noticed a two-headed ogre
  9691 | D:8      | Killed a two-headed ogre
  9947 | D:8      | Noticed a two-headed ogre
  9974 | D:8      | Found a transporter.
  9979 | D:8      | Found a transporter.
  9979 | D:8      | Killed a two-headed ogre
  9980 | D:8      | Reached skill level 5 in Hexes
  9980 | D:8      | Reached skill level 5 in Summonings
  9980 | D:8      | Reached skill level 5 in Necromancy
  9980 | D:8      | Reached skill level 5 in Translocations
  9980 | D:8      | Reached skill level 5 in Fire Magic
  9980 | D:8      | Reached skill level 5 in Ice Magic
  9980 | D:8      | Reached skill level 5 in Earth Magic
  9980 | D:8      | Reached skill level 5 in Alchemy
  9980 | D:8      | Reached XP level 11. HP: 26/81 MP: 10/23
 10150 | D:8      | Noticed a cyclops
 10184 | D:8      | Killed a cyclops
 10773 | D:8      | Identified the +9 dire flail "Wiomai" {elec, rPois Dex+2
                  | Stlth-}
 10773 | D:8      | Noticed temujin's ghost (novice HuCj)
 10801 | D:8      | Bought Maxwell's Memoranda for 640 gold pieces
 10808 | D:8      | Learned a level 5 spell: Arcjolt
 10891 | D:8      | Noticed a centaur warrior
 10895 | D:8      | Killed a centaur warrior
 10944 | D:8      | Noticed a boulder beetle
 10968 | D:8      | Killed a boulder beetle
 11504 | D:8      | Killed temujin's ghost
 11723 | D:9      | Found Iliredgha's Antique Armour Boutique.
 11800 | D:9      | Found Kircheuv's Jewellery Shop.
 11828 | D:9      | Found Heni's Magic Scroll Boutique.
 11881 | D:9      | Noticed Erolcha
 11885 | D:9      | Killed Erolcha
 11890 | D:9      | Found Misexol's Antique Armour Shop.
 11993 | D:9      | Found an ornate altar of the Wu Jian Council.
 12666 | D:9      | Identified the +2 leather armour of the Ten Eyes {rElec rF-
                  | rC++ rCorr Dex+3}
 12673 | D:9      | Identified the ring "Plog" {Ice Will- Int+2 Dex+4}
 12781 | D:9      | Reached XP level 12. HP: 88/91 MP: 24/24
 12822 | D:9      | Found a staircase to the Orcish Mines.
 12844 | D:10     | Entered Level 10 of the Dungeon
 13053 | D:10     | Reached *** piety under Sif Muna
 13413 | D:10     | Identified the +2 quarterstaff of Xemo {vamp, rC+ Will+
                  | MP-9 Dex+3}
 13749 | Orc:1    | Entered Level 1 of the Orcish Mines
 14031 | D:9      | Learned a level 5 spell: Summon Mana Viper
 14762 | Orc:2    | Entered Level 2 of the Orcish Mines
 14872 | Orc:2    | Noticed a two-headed ogre
 14879 | Orc:2    | Killed a two-headed ogre
 14999 | Orc:2    | Noticed a two-headed ogre
 15011 | Orc:2    | Killed a two-headed ogre
 15110 | Orc:2    | Noticed a two-headed ogre
 15117 | Orc:2    | Killed a two-headed ogre
 15128 | Orc:2    | Noticed an ogre mage
 15153 | Orc:2    | Killed an ogre mage
 15441 | Orc:2    | Noticed a two-headed ogre
 15441 | Orc:2    | Noticed a two-headed ogre
 15453 | Orc:2    | Killed a two-headed ogre
 15456 | Orc:2    | Killed a two-headed ogre
 15456 | Orc:2    | Noticed a two-headed ogre
 15463 | Orc:2    | Killed a two-headed ogre
 15514 | Orc:2    | Reached **** piety under Sif Muna
 15580 | Orc:2    | Noticed a two-headed ogre
 15589 | Orc:2    | Killed a two-headed ogre
 15607 | Orc:2    | Noticed an ogre mage
 15618 | Orc:2    | Killed an ogre mage
 15641 | Orc:2    | Reached XP level 13. HP: 49/98 MP: 10/26
 16274 | Orc:2    | Paralysed by something for 4 turns
 16767 | Orc:2    | Found Zonoiczi's Book Shop.
 16767 | Orc:2    | Found Alleoz's Assorted Antiques.
 16768 | Orc:2    | Found Daicad's Weapon Shoppe.
 16768 | Orc:2    | Found Gupu Byd's Assorted Antiques.
 16776 | Orc:2    | Noticed Azrael
 17010 | Orc:2    | Killed Azrael
 17011 | Orc:2    | Reached skill level 10 in Spellcasting
 17227 | Orc:2    | Found a staircase to the Elven Halls.
 17531 | Orc:2    | Learned a level 6 spell: Plasma Beam
 17572 | Orc:2    | Found Iwnerr's Jewellery Shop.
 17830 | D:10     | Found a staircase to the Lair.
 18043 | Lair:1   | Entered Level 1 of the Lair of Beasts
 18746 | Lair:1   | Reached skill level 10 in Dodging
 19289 | Lair:1   | Identified the +8 quarterstaff "Toifocua" {pain, Will++
                  | Str+3 Dex-3}
 19465 | Lair:2   | Noticed Amaemon
 19474 | Lair:1   | Succumbed to Amaemon's poison

Illustrated notes

Levels and vault maps discovered:
D:1:      eino_arrival_water_star, layout_basic, st_stairs_14,
          minmay_fountain_box
D:2:      layout_rooms, kennysheep_another_room, uniq_crazy_yiuf_cottage
D:3:      layout_loops_ring, nicolae_ashenzari_skybound, elyvilon_altar_1,
          grunt_ministairs_10, uniq_ijyb, uniq_grinder
D:4:      layout_layer_cave, fiery_altar_vehumet, eino_tiny_chamber
D:5:      layout_gridville, lemuel_blue_sif_altar,
          nicolae_overflow_hidden_temple,
          regret_index_kikubaaqudgha_part_by_part, overflow_temple_1_default,
          marbit_many_paths, grunt_ministairs_13
D:6:      layout_loops_ring, nicolae_the_louvre, uniq_sigmund
D:7:      layout_rooms, slow_altar_1, okawaru_humans,
          minmay_temple_entry_butterflies, minivault_27, uniq_menkaure
D:8:      minmay_goldmine, layout_cave_pools, mainiacjoe_overflow_paths,
          nicolae_overflow_crystal_walls, serial_shops,
          nicolae_shop_tiny_waterfront, gammafunk_ghost_smash, kb_rosetta
D:9:      kennysheep_windowed_halls, layout_rooms, mainiacjoe_overflow_alcove_1,
          orc_0_dummy, serial_shops, shop, shop, shop, nicolae_take_the_stairs,
          uniq_erolcha
D:10:     layout_rooms, lair_entry_dummy, guppyfry_early_elven_hall
Lair:1:   layout_roguey, wad_woods_road_02, pond, lemuel_fruit_tree
Lair:2:   layout_small_grid, spider_nest_entry_web_field,
          nicolae_volcano_entry_lava_flow, uniq_maggie, uniq_amaemon, uniq_sonja
Orc:1:    layout_caves
Orc:2:    st_orc_ogre_mass, layout_diamond_mine, serial_shops,
          nicolae_shop_advertising_works [nicolae_subvault_shop_adworks],
          nicolae_orc_bridge_out, uniq_azrael

Skill      XL: |  1  2  3  4  5  6  7  8  9 10 11 12 13 |
---------------+----------------------------------------+-----
Conjurations   | 2 3 4 5 6 7 |  7.8
Spellcasting   | 5 6 7 8 9 10 | 10.2
Invocations    | 1 2 3 4 5 6 7 8 9 |  9.7
Fighting       | 1 2 3 5 6 7 8 |  8.9
Short Blades   | 1 2 3 5 6 7 8 |  8.9
Long Blades    | 1 2 3 5 6 7 8 |  8.9
Axes           | 1 2 3 5 6 7 8 |  8.9
Maces & Flails | 1 2 3 5 6 7 8 |  8.9
Polearms       | 1 2 3 5 6 7 8 |  8.9
Staves         | 1 2 3 5 6 7 8 |  8.9
Ranged Weapons | 1 2 3 5 6 7 8 |  8.9
Throwing       | 1 2 3 5 6 7 8 |  8.9
Armour         | 1 2 3 5 6 7 8 |  8.9
Shields        | 1 2 3 5 6 7 8 |  8.9
Unarmed Combat | 1 2 3 5 6 7 8 |  8.9
Evocations     | 1 2 3 5 6 7 8 |  8.9
Shapeshifting  | 1 2 3 4 5 6 7 8 |  8.1
Hexes          | 1 2 3 4 5 6 7 |  7.4
Summonings     | 1 2 3 4 5 6 7 |  7.4
Necromancy     | 1 2 3 4 5 6 7 |  7.4
Translocations | 1 2 3 4 5 6 7 |  7.4
Fire Magic     | 1 2 3 4 5 6 7 |  7.4
Ice Magic      | 1 2 3 4 5 6 7 |  7.4
Earth Magic    | 1 2 3 4 5 6 7 |  7.4
Alchemy        | 1 2 3 4 5 6 7 |  7.4
Dodging        | 5 6 7 8 9 10 | 10.1
Stealth        | 5 6 7 8 9 |  9.9
Air Magic      | 6 7 8 9 |  9.3

Action                     |  1- 3 |  4- 6 |  7- 9 | 10-12 | 13-15 || total
---------------------------+-------+-------+-------+-------+-------++-------
  Melee: Unarmed           |    32 |       |       |       |       ||    32
         Bite              |     2 |     9 |    25 |    59 |    13 ||   108
         Dagger            |    15 |    83 |   260 |   152 |       ||   510
         Punch             |       |     4 |     7 |     3 |       ||    14
         Halberd           |       |       |    13 |    52 |       ||    65
         Dire flail        |       |       |       |   228 |    91 ||   319
  Throw: Javelin           |     1 |       |       |       |       ||     1
         Dart              |       |       |     3 |    19 |     9 ||    31
   Cast: Shock             |    52 |    17 |    28 |    12 |     3 ||   112
         Static Discharge  |     4 |       |     4 |     2 |       ||    10
         Airstrike         |       |     4 |    37 |    63 |    41 ||   145
         Swiftness         |       |       |     1 |     3 |     2 ||     6
         Blink             |       |       |       |    15 |     7 ||    22
         Call Imp          |       |       |       |    15 |     9 ||    24
         Fireball          |       |       |       |     2 |       ||     2
         Arcjolt           |       |       |       |    27 |    11 ||    38
         Summon Mana Viper |       |       |       |     5 |     8 ||    13
         Maxwell's Capacit |       |       |       |       |     1 ||     1
         Plasma Beam       |       |       |       |       |     1 ||     1
 Invoke: Divine Exegesis   |       |       |       |       |     1 ||     1
  Evoke: Wand              |       |     6 |     4 |    20 |       ||    30
    Use: Scroll            |     3 |     3 |     3 |     3 |     3 ||    15
         Potion            |       |       |     2 |     7 |     2 ||    11
   Stab: Sleeping          |     3 |     1 |    15 |     8 |     1 ||    28
         Petrified         |       |       |       |       |     2 ||     2
         Distracted        |       |       |       |       |     1 ||     1
 Armour: Robe              |    41 |    32 |   132 |     2 |       ||   207
         Steam dragon scal |       |       |       |   265 |   128 ||   393
  Dodge: Dodged            |    58 |    77 |   130 |   331 |   108 ||   704

Table legend: (Time is in decaauts)
 A = Elapsed time spent in this place.
 B = Non-inter-level travel time spent in this place.
 C = Inter-level travel time spent in this place.
 D = Time resting spent in this place.
 E = Time spent auto-exploring this place.
 F = Levels seen in this place.
 G = Mean time per level.
                   A        B        C        D        E       F      G
               +--------+--------+--------+--------+--------+-----+--------+
         Total |  19369 |  19005 |    364 |   6595 |   6326 |  14 | 1383.5 |
       Dungeon |  14786 |  14486 |    300 |   4689 |   5178 |  10 | 1478.6 |
          Lair |    877 |    855 |     22 |    189 |    373 |   2 |  438.5 |
  Orcish Mines |   3705 |   3664 |     41 |   1717 |    775 |   2 | 1852.5 |
               +--------+--------+--------+--------+--------+-----+--------+

Top non-repeatable levels by time:
     D:8: 2630 daAuts
   Orc:2: 2372 daAuts
     D:7: 2128 daAuts
     D:9: 1704 daAuts
    D:10: 1459 daAuts
   Orc:1: 1333 daAuts
     D:5: 1259 daAuts
     D:4: 1259 daAuts
     D:6: 1224 daAuts
     D:3: 1184 daAuts
     D:2: 1134 daAuts
  Lair:1: 871 daAuts
     D:1: 802 daAuts
  Lair:2: 5 daAuts
